[Event "FTX Crypto Cup MCCT 2022"]
[Site "Miami"]
[Date "2022.08.11"]
[Round "4.1"]
[White "Giri, Anish"]
[Black "Niemann, Hans Moke"]
[Result "1-0"]
[ECO "A29"]
[WhiteElo "2760"]
[BlackElo "2688"]
[Annotator "TA"]
[PlyCount "117"]
[EventDate "2022.08.10"]
[EventType "tourn"]
[EventCountry "USA"]
[SourceTitle "playchess.com"]
[Source "ChessBase"]
[SourceQuality "1"]
[TimeControl "900+10"]

1. c4 e5 2. Nc3 Nf6 3. Nf3 Nc6 4. g3 Nd4 5. Bg2 Nxf3+ 6. Bxf3 Bc5 7. O-O {[%emt 0:00:55] A29: English Opening: Four Knights Variation with 4 g3.} O-O 8. Na4 d6 9. d3 {[%emt 0:00:32] White is slightly better.} a5 10. Nxc5 dxc5 {[%emt 0:00:03] [#]} 11. Bg2 $146 ({Predecessor:} 11. Bd2 Ra7 12. Bg2 Re8 13. Bc3 Qe7 14. e4 Nd7 15. f4 Ra6 16. Bh3 Rh6 17. Bxd7 Qxd7 {½-½ (48) Tkachiev,V (2661)-Laznicka,V (2610) Heraklion 2007}) 11... Qe7 12. Qc2 Re8 13. b3 Rb8 14. Bb2 h5 (14... b6 $14 {might be stronger.}) 15. Qd2 $16 b6 16. Qg5 Ng4 17. h4 Qxg5 18. hxg5 f6 19. Bc6 Rd8 {[%emt 0:00:29] White leaves nothing to chance now.} ({Black should play} 19... Re7 $14) 20. gxf6 gxf6 21. Kg2 Kg7 22. Rh1 Kg6 {[%emt 0:00:30] [#]} 23. Rh4 $1 Rh8 (23... Bd7 $16) 24. Rah1 $18 Be6 25. f3 Ne3+ 26. Kf2 Nc2 27. g4 {[%emt 0:00:03] Black must now prevent Be4+.} Nd4 28. Be4+ {[%emt 0:01:18] A strong pair of Bishops.} (28. gxh5+ Kh7 $16) (28. Rxh5 Rxh5 29. gxh5+ Kh7 $16) 28... f5 29. gxf5+ (29. gxh5+ $6 Kf6 $16) (29. Rxh5 Rxh5 30. gxh5+ Kh6 $14) 29... Bxf5 30. Bxf5+ (30. Bd5 $142) 30... Kxf5 31. e3 Nc6 32. f4 (32. Rxh5+ Rxh5 33. Rxh5+ Kg6 $16) 32... Ke6 33. fxe5 {[%emt 0:00:12] [#] And now d4 would win.} Rbf8+ (33... Nb4 $16 {might work better.}) 34. Ke2 {[%emt 0:00:01] Strongly threatening d4.} Rfg8 {[%emt 0:00:16] Threatens to win with ...Rg2+.} 35. R1h2 {[%emt 0:00:05] Inhibits Rg2+.} (35. Rxh5 Rxh5 36. Rxh5 Rg2+ 37. Kf3 Rxb2 $17) 35... Ne7 36. d4 ({Avoid the trap} 36. Rxh5 $2 Rxh5 37. Rxh5 Rg2+ 38. Kf3 Rxb2 $19) 36... cxd4 37. exd4 c6 38. Rf4 ({And not} 38. Rxh5 Rxh5 39. Rxh5 (39. d5+ $2 cxd5 40. Rxh5 Rg2+ 41. Kd3 Rxb2 $19) 39... Rg2+ 40. Kd3 Rxb2 $15) 38... Rg6 39. Kd3 Rg3+ 40. Ke4 Rg6 (40... Nd5 $142 41. Rf3 Rg4+ 42. Kd3 Nf4+ 43. Ke3 Ng2+ 44. Kf2 Nf4) 41. Rfh4 Rg5 (41... Rhg8 {keeps fighting.} 42. Rxh5 Rg4+ 43. Kf3 Rg3+ 44. Kf2 R8g4 45. Rh6+ Ng6) 42. Bc1 Rf5 43. Bf4 {[%emt 0:00:08] White is clearly winning.} Rhf8 44. Rg2 R5f7 45. Rg5 Kd7 46. d5 {[%emt 0:00:20] e6+ is the strong threat. Active counter play!} cxd5+ 47. cxd5 Nxd5 48. e6+ Kxe6 49. Re5+ Kf6 50. Rxd5 Re7+ 51. Kf3 Rc8 52. Rhxh5 Rc3+ 53. Kg4 Rg7+ 54. Rhg5 Rxg5+ 55. Bxg5+ Ke6 56. Rb5 a4 57. Rxb6+ Kd5 58. Rb4 axb3 59. axb3 {[%emt 0:00:00] Weighted Error Value: White=0.14 (very precise) /Black=0.35} 1-0

[Event "FTX Crypto Cup MCCT 2022"]
[Site "Miami"]
[Date "2022.08.11"]
[Round "4.1"]
[White "Praggnanandhaa R"]
[Black "Aronian, Levon"]
[Result "1/2-1/2"]
[ECO "B14"]
[WhiteElo "2648"]
[BlackElo "2775"]
[Annotator "TA"]
[PlyCount "73"]
[EventDate "2022.08.10"]
[EventType "tourn"]
[EventCountry "USA"]
[SourceTitle "playchess.com"]
[Source "ChessBase"]
[SourceQuality "1"]
[TimeControl "900+10"]

1. d4 Nf6 2. c4 e6 3. Nc3 Bb4 4. e3 O-O 5. Bd3 c5 6. Nf3 d5 7. cxd5 cxd4 8. exd4 exd5 9. O-O Bg4 10. Bg5 Bxc3 11. bxc3 Nbd7 12. h3 Bh5 13. c4 {[%emt 0:01:26] B14: Caro-Kann: Panov-Botvinnik Attack with 5...e6 and 5...g6.} dxc4 14. Bxc4 Rc8 15. Bb3 {[%emt 0:01:17] [#]} h6 $146 ({Predecessor:} 15... Qa5 16. Qd2 Qxd2 17. Nxd2 h6 18. Bf4 Nb6 19. Rac1 Nbd5 20. Be5 Nc3 21. Kh2 Nfd5 {½-½ (44) Nun,J (2460)-Plachetka,J (2430) Namestovo 1987}) 16. Bh4 Qa5 17. Qe1 Qa6 18. Qe3 Bg6 19. Rac1 Bd3 20. Rxc8 Rxc8 {[%emt 0:00:00] [#]} 21. Re1 (21. Bxf6 $1 $16 Nxf6 22. Rc1) 21... Bc4 $11 22. Rc1 b5 23. Bxf6 Nxf6 24. Ne5 Bxb3 25. axb3 Nd5 26. Qd2 Rxc1+ 27. Qxc1 {[%emt 0:00:00][%mdl 4096] Endgame KQN-KQN} Qe6 28. Qc5 a6 29. Qc2 g6 (29... Nf4 {is more complex.} 30. Kh2 h5 31. Qe4 Nd5) 30. Qd2 Kg7 31. Nd3 Qe4 32. Nc5 {[%emt 0:00:10][%csl LRa6,LRe4] The position is equal.} Qf4 33. Qd3 Qc1+ 34. Kh2 $1 Qf4+ 35. Kg1 Qc1+ 36. Kh2 $1 Qf4+ 37. Kg1 {[%emt 0:00:00] Weighted Error Value: White=0.07 (flawless) /Black=0.04 (flawless)} 1/2-1/2

[Event "FTX Crypto Cup MCCT 2022"]
[Site "Miami"]
[Date "2022.08.11"]
[Round "4.2"]
[White "Aronian, Levon"]
[Black "Praggnanandhaa R"]
[Result "1/2-1/2"]
[ECO "A22"]
[WhiteElo "2775"]
[BlackElo "2648"]
[Annotator "TA"]
[PlyCount "84"]
[EventDate "2022.08.10"]
[EventType "tourn"]
[EventCountry "USA"]
[SourceTitle "playchess.com"]
[Source "ChessBase"]
[SourceQuality "1"]
[TimeControl "900+10"]

1. c4 e5 2. Nc3 Nf6 3. Nf3 e4 4. Ng5 c6 5. Ngxe4 Nxe4 6. Nxe4 {[%emt 0:00:00] A22: English Opening: 1...e5 2 Nc3 Nf6.} d5 7. cxd5 cxd5 8. Ng3 {[%emt 0:00:03][%cal Be4g3,Bg3e2,Be2c3][%mdl 32] White is slightly better.} (8. Qa4+ $2 Bd7 9. Qd4 dxe4 10. Qxe4+ Be7 $19) 8... h5 {[%emt 0:00:01] [#] And now ...h4 would win.} 9. e3 h4 10. Ne2 Nc6 11. d4 Qf6 12. Nc3 Qg6 13. a3 Bd6 {[%emt 0:01:53] [#]} 14. Bd2 $146 (14. Nxd5 h3 15. g3 Qe4 16. Nf6+ gxf6 $17) ({Predecessor:} 14. h3 O-O 15. Qf3 Na5 16. Qxd5 b6 17. Bd2 Bb7 18. Qa2 Rac8 19. b4 Nc6 20. Qb1 {1-0 (48) Stremavicius,T (2532)-Goh,W (2453) Chennai 2022}) 14... Bf5 15. Rc1 (15. Nxd5 h3 16. g4 Be4 $19) 15... O-O 16. Qf3 (16. Nxd5 h3 17. Qf3 (17. gxh3 $2 Be4 $19) 17... Bg4 $17) 16... Bg4 (16... Rfe8 $11) 17. Qxd5 $16 Rad8 18. h3 Bg3 $2 19. Qe4 $2 ({Not} 19. fxg3 $2 Rxd5 20. hxg4 (20. Nxd5 $2 {perishes.} Be6 $19) 20... Rdd8 21. Rxh4 Rfe8 $19) (19. Qc4 $18 {is more deadly.} Ne5 20. dxe5 Bxf2+ 21. Kxf2 Rxd2+ 22. Ke1) 19... Bf5 20. Qf3 Rfe8 {[%emt 0:01:01] Hoping for ...Nxd4.} 21. Be2 Bb8 {[%emt 0:01:11] [#]} 22. Qh5 (22. Rd1 $1 $16) 22... Qxh5 $11 23. Bxh5 {[%emt 0:00:00] Be2 is the strong threat.} Nxd4 {[%emt 0:00:01] aiming for ...Nb3.} 24. Bd1 {[%emt 0:00:00] Inhibits Nb3.} Bd3 25. Ne2 Bxe2 26. Bxe2 Nb3 27. Rc2 Nxd2 28. Rxd2 Be5 29. a4 b6 30. Bb5 Rxd2 31. Kxd2 $14 {[%emt 0:00:00][%mdl 4096] Endgame KRB-KRB} Rd8+ 32. Kc2 Rc8+ 33. Kb3 Rd8 34. f4 Bf6 35. e4 Rd2 36. e5 Be7 37. Bc6 Bc5 38. Rc1 g6 39. Bf3 Rd4 40. Rc4 {[%emt 0:00:03] Inhibits Rb4+.} Rxc4 41. Kxc4 Be3 42. Kb5 a5 {[%emt 0:00:11] Weighted Error Value: White=0.25 (precise) /Black=0.16 (very precise)} 1/2-1/2

[Event "FTX Crypto Cup MCCT 2022"]
[Site "Miami"]
[Date "2022.08.11"]
[Round "4.2"]
[White "Duda, Jan-Krzysztof"]
[Black "Firouzja, Alireza"]
[Result "1-0"]
[ECO "D41"]
[WhiteElo "2750"]
[BlackElo "2793"]
[Annotator "TA"]
[PlyCount "175"]
[EventDate "2022.08.10"]
[EventType "tourn"]
[EventCountry "USA"]
[SourceTitle "playchess.com"]
[Source "ChessBase"]
[SourceQuality "1"]
[TimeControl "900+10"]

1. d4 Nf6 2. c4 e6 3. Nf3 d5 4. Nc3 c5 5. cxd5 cxd4 6. Qa4+ Bd7 7. Qxd4 exd5 8. e3 {[%emt 0:00:01] D41: Queen's Gambit Declined: Semi-Tarrasch with 5 cxd5.} Nc6 9. Qd3 Be6 10. Be2 {[%emt 0:00:03] The position is equal.} Bd6 11. O-O O-O {[%emt 0:00:02] [#]} 12. b3 $146 ({Predecessor:} 12. Rd1 Qe7 13. b3 Rac8 14. Bb2 Rfd8 15. Rac1 a6 16. g3 Ba3 17. Qb1 Rc7 18. Na4 Ne4 19. Bxa3 Qxa3 20. Rxc6 Rxc6 21. Qxe4 {1-0 (33) Chen,J (2316)-Ansh,M (2189) New York 2022}) 12... Ne5 13. Nxe5 Bxe5 14. Bb2 Rc8 15. Rac1 Ne4 16. f4 Bxc3 17. Bxc3 Bf5 18. Qd4 Nxc3 19. Rxc3 Rxc3 20. Qxc3 Qb6 21. Rc1 h6 22. Qe5 Bd7 {[%emt 0:00:26] Hoping for ...Re8.} 23. Rc3 Bc6 24. Kf2 Re8 25. Qd6 Rd8 26. Qc5 Qxc5 27. Rxc5 $11 {[%emt 0:00:08][%mdl 4096] Endgame KRB-KRB} d4 28. Bf3 dxe3+ 29. Kxe3 Bxf3 30. gxf3 {[%emt 0:00:10] KR-KR} Kf8 31. Ra5 a6 32. Rc5 Ke7 33. a4 Rd6 34. Rc7+ Rd7 35. Rc4 Rd1 36. Rb4 Rd7 37. f5 Rc7 38. Kf4 Rd7 39. Ke5 f6+ 40. Kf4 Kf7 41. Kg4 Rc7 42. Kh5 Rd7 43. Rb6 Rc7 44. h3 Rd7 45. b4 Rc7 46. Rd6 Re7 $1 47. f4 Rc7 48. Rd4 Re7 (48... Rc3 $11) 49. Rc4 ({Better is} 49. b5 $1 $14) 49... b5 (49... Re3 $11) 50. axb5 $14 axb5 51. Rc5 Re3 52. h4 (52. Kg4 $1 $14) 52... Kg8 (52... Re4 $11 {keeps the balance.}) 53. Kg4 (53. Rxb5 $16 {aiming for Rb8+.} Rf3 54. Kg4) 53... Rb3 (53... Re4 $11 {remains equal.}) 54. Rxb5 $16 Kf7 (54... Rb2 $16 {was necessary.} 55. Rb8+ Kf7) 55. Rb7+ Kg8 56. Rb8+ Kf7 57. b5 {[%emt 0:00:33] Black must now prevent Kh5.} Ke7 $2 (57... Rb4 $16 58. Rb7+ Kg8) 58. Kh5 Kf7 59. b6 Rb1 60. Rc8 Rxb6 61. Rc7+ Kf8 62. Kg6 Rb4 63. Rf7+ $1 Ke8 64. h5 $2 (64. Rxg7 {Threatens to win with Rh7.} Rxf4 65. h5 (65. Kxh6 Kf8 $11) (65. Kxf6 h5 $18)) 64... Rxf4 $18 {[%emt 0:00:02] ( -> ...Rg4+)} 65. Rxg7 {[%emt 0:00:01] And now Rh7 would win.} Kf8 66. Ra7 ({Not} 66. Kxh6 Rxf5 67. Rh7 Rg5 $11) 66... Rb4 67. Ra6 ({And not} 67. Kxf6 Rb6+ 68. Ke5 Rb5+ 69. Kf6 Rb6+ 70. Ke5 Rb5+ 71. Ke6 Rb6+ 72. Ke5 $11) ({Less strong is} 67. Kxh6 Kg8 68. Ra8+ Kf7 $18) 67... Rg4+ 68. Kxf6 Kg8 69. Ke7 {[%emt 0:00:09] Rg6+ would kill now.} Re4+ $2 (69... Rg7+ $18 70. Ke6 Rb7 71. Ra8+ Kh7) 70. Re6 Ra4 71. Rxh6 $2 (71. Rg6+ Kh7 72. Rd6 Kg8 73. Rd8+ Kh7 74. f6 Ra7+ 75. Rd7 Ra8 76. Kf7) 71... Ra7+ $16 72. Kf6 (72. Kd8 $11) 72... Ra6+ $2 {[%emt 0:00:38][%mdl 8192] Black is on the road to losing.} (72... Ra2 $16 73. Rg6+ Kh7) 73. Kg5 Ra1 74. Rb6 Rg1+ 75. Kf6 $1 Rh1 76. Rb7 Rh2 77. Rg7+ Kh8 78. Rg5 Kh7 79. Rg7+ $2 (79. Rg3 Rf2 80. Re3 Kh6 81. Ke6 Kg7 82. h6+ Kxh6 83. f6 Rf1 84. f7) 79... Kh6 $2 (79... Kh8 $11) 80. Rg8 Kh7 81. Re8 Rxh5 82. Ke6 Rh1 {[%emt 0:00:04] [#]} 83. f6 $1 Re1+ {[%emt 0:00:04] [#]} 84. Kd7 $2 (84. Kf7 $1 {mates} Ra1 85. Kf8 Kg6 86. f7 Ra7 87. Re6+ Kf5 88. Rb6 Ke4 89. Rc6) 84... Rd1+ $2 (84... Rf1 $11) 85. Ke7 {[%emt 0:00:01] White mates.} Re1+ 86. Kf8 Rf1 87. f7 Ra1 88. Ke7 {[%emt 0:00:03] Weighted Error Value: White=0.09 (flawless) /Black=0.28 (precise)} 1-0

[Event "FTX Crypto Cup MCCT 2022"]
[Site "Miami"]
[Date "2022.08.11"]
[Round "4.2"]
[White "Le, Quang Liem"]
[Black "Carlsen, Magnus"]
[Result "1/2-1/2"]
[ECO "E06"]
[WhiteElo "2722"]
[BlackElo "2864"]
[Annotator "TA"]
[PlyCount "73"]
[EventDate "2022.08.10"]
[EventType "tourn"]
[EventCountry "USA"]
[SourceTitle "playchess.com"]
[Source "ChessBase"]
[SourceQuality "1"]
[TimeControl "900+10"]

1. d4 Nf6 2. Nf3 d5 3. c4 e6 4. g3 Be7 5. Bg2 O-O 6. O-O a5 7. Nc3 {[%emt 0:00:29] E06: Closed Catalan: Early deviations.} c6 8. Bf4 Nbd7 {[%emt 0:00:37] [#]} 9. Rc1 $146 {[%emt 0:01:24] White has an edge.} ({Predecessor:} 9. Nd2 Nh5 10. Be3 b6 11. f4 Ba6 12. Kh1 Rc8 13. cxd5 exd5 14. g4 Nhf6 15. g5 {0-1 (35) Ahlander,B (2383)-Shankland,S (2720) Struga 2021}) 9... dxc4 10. e4 {[%emt 0:01:46] Against Nd5} b5 11. d5 $1 {[%emt 0:00:05] [#] And now d6 would win.} cxd5 12. exd5 {[%emt 0:00:00] Strongly threatening d6.} exd5 13. Nxd5 {[%emt 0:00:22] Black must now prevent Bc7.} Ra6 14. Nxe7+ Qxe7 15. a4 Qb4 16. Bd2 Qxa4 17. Qxa4 bxa4 18. Rxc4 Rb6 19. Rfc1 Ba6 20. Rxa4 Rxb2 21. Rxa5 Bb7 22. Bc3 Rb6 23. Bd4 {[%emt 0:00:13] This bishop pair is nice.} Rb4 24. Bxf6 (24. Ba1 {looks sharper.} Be4 25. Nd4 Rb1 26. Rxb1 Bxb1 27. h3) 24... Nxf6 {[%emt 0:00:04] The position is equal.} 25. Ne5 Bxg2 26. Kxg2 Rb7 27. Rac5 Nd7 28. Nxd7 Rxd7 29. Rc7 Rxc7 30. Rxc7 $11 {[%emt 0:00:01][%mdl 4096] Endgame KR-KR} g6 31. h4 h5 32. Rc3 Kg7 33. Rb3 Kf6 34. Rf3+ Kg7 35. Rb3 Kf6 36. Rf3+ Kg7 37. Rb3 {[%emt 0:00:01] Weighted Error Value: White=0.04 (flawless) /Black=0.03 (flawless)} 1/2-1/2

[Event "FTX Crypto Cup MCCT 2022"]
[Site "Miami"]
[Date "2022.08.11"]
[Round "4.2"]
[White "Niemann, Hans Moke"]
[Black "Giri, Anish"]
[Result "1/2-1/2"]
[ECO "A48"]
[WhiteElo "2688"]
[BlackElo "2760"]
[Annotator "TA"]
[PlyCount "94"]
[EventDate "2022.08.10"]
[EventType "tourn"]
[EventCountry "USA"]
[SourceTitle "playchess.com"]
[Source "ChessBase"]
[SourceQuality "1"]
[TimeControl "900+10"]

1. Nf3 c5 2. e3 Nf6 3. b3 g6 4. Bb2 Bg7 5. d4 cxd4 6. Nxd4 {[%emt 0:00:02] A48: 1 d4 Nf6 2 Nf3 g6: Torre, London and Colle Systems.} ({But not} 6. Qxd4 $2 Nh5 7. Qxg7 (7. Ne5 $2 Nc6 $19) 7... Nxg7 $19) 6... O-O 7. c4 d5 8. Be2 {[%emt 0:00:10] Black has an edge.} dxc4 9. bxc4 Nc6 10. O-O Bd7 {[%emt 0:00:45] [#]} 11. Nd2 $146 ({Predecessor:} 11. Nc3 Rc8 12. Ncb5 Nxd4 13. Nxd4 Ne4 14. Bf3 Nd6 15. c5 Rxc5 16. Ba3 Rc7 17. Rb1 {½-½ (78) Svoboda,P-Omelka,M (2115) Czech Republic 1998}) 11... Rc8 12. Qb3 Qb6 13. Rfc1 Rfe8 14. h3 Qxb3 15. N2xb3 (15. axb3 $14 a6 16. Bc3) 15... b6 16. c5 Nxd4 17. Bxd4 Nd5 18. Ba6 Rc7 19. cxb6 axb6 20. Bc4 Bxd4 21. Bxd5 Rxc1+ 22. Rxc1 {[%emt 0:00:00] The position is equal.} Be5 23. Bc6 Bxc6 24. Rxc6 $11 {[%emt 0:00:02][%mdl 4096] Endgame KRB-KRN} Ra8 25. Rc2 h5 26. Kf1 Kg7 27. Ke2 g5 28. g3 Ra4 29. Nd2 g4 30. h4 f5 31. Nc4 Bc7 32. Kd3 Kf6 33. Rb2 b5 34. Rxb5 {[%emt 0:00:14] [#] Hoping for Rc5.} Rxa2 35. Rb2 Rxb2 36. Nxb2 {[%emt 0:00:00] KB-KN} e5 37. Nc4 Ke6 38. Nd2 e4+ 39. Ke2 Kd5 40. Nb3 Be5 41. Kd2 Kc4 42. Nc1 Bc3+ 43. Kd1 Be5 44. Ne2 Kd3 45. Nc1+ Kc4 46. Ne2 Kd3 47. Nc1+ Kc4 {[%emt 0:00:00] An interesting draw.  Weighted Error Value: White=0.04 (flawless) /Black=0.05 (flawless)} 1/2-1/2

[Event "FTX Crypto Cup MCCT 2022"]
[Site "Miami"]
[Date "2022.08.11"]
[Round "4.3"]
[White "Carlsen, Magnus"]
[Black "Le, Quang Liem"]
[Result "1-0"]
[ECO "A07"]
[WhiteElo "2864"]
[BlackElo "2722"]
[Annotator "TA"]
[PlyCount "67"]
[EventDate "2022.08.10"]
[EventType "tourn"]
[EventCountry "USA"]
[SourceTitle "playchess.com"]
[Source "ChessBase"]
[SourceQuality "1"]
[TimeControl "900+10"]

1. Nf3 Nf6 2. g3 d5 3. Bg2 c6 4. O-O Bg4 5. h3 Bh5 6. c4 {[%emt 0:00:30] A07: Réti Opening: New York and Capablanca Systems.} e6 7. d4 Be7 8. Nc3 {[%emt 0:02:16] White has an edge.} O-O 9. Ne5 Nfd7 10. cxd5 {[%emt 0:00:13] Strongly threatening g4.} Nxe5 11. dxe5 {[%emt 0:00:02] aiming for d6.} exd5 12. g4 Bg6 13. f4 $36 {[%emt 0:00:00][%mdl 2048] Black must now prevent f5. White has the initiative.} f5 {[%emt 0:01:42] [#]} 14. Be3 $146 {[%emt 0:00:29][%cal Rc3d5] Nxd5! is the strong threat.} ({Predecessor:} 14. exf6 Bxf6 15. e4 Qb6+ 16. Kh1 Bxc3 17. f5 Bf7 18. bxc3 dxe4 19. f6 Bc4 20. fxg7 Rxf1+ 21. Bxf1 Bxf1 22. Qxf1 {1-0 (38) Svane,R (2613)-Zhigalko,S (2572) Chess.com INT 2020}) 14... Na6 15. Rc1 Kh8 16. Nxd5 cxd5 17. Qxd5 b6 18. Qxa8 $16 {[%emt 0:00:34] White is much more active.} Qxa8 19. Bxa8 Rxa8 20. Rfd1 (20. a3 $16) 20... Kg8 $1 $14 21. e6 Bc5 (21... Re8 $11 {keeps the balance.}) 22. Rc3 Re8 {[%emt 0:00:10] [#]} (22... Be7 $14 {should be considered.}) 23. Rd5 (23. a3 $1 $16) 23... Nb4 $11 24. Rcxc5 bxc5 25. Rd6 Rc8 {[%emt 0:00:29] [#]} (25... Nxa2 $11 26. Bxc5 a5) 26. Bxc5 $1 a5 (26... Nxa2 27. Kf2) 27. a3 Nc6 28. b4 axb4 29. axb4 fxg4 30. hxg4 Be8 $1 31. Kf2 Rb8 32. f5 Nxb4 33. g5 Rb5 $2 (33... Nc6 $14) 34. Rd8 {[%emt 0:00:03] Weighted Error Value: White=0.16 (very precise) /Black=0.37} 1-0

[Event "FTX Crypto Cup MCCT 2022"]
[Site "Miami"]
[Date "2022.08.11"]
[Round "4.3"]
[White "Firouzja, Alireza"]
[Black "Duda, Jan-Krzysztof"]
[Result "1-0"]
[ECO "E53"]
[WhiteElo "2793"]
[BlackElo "2750"]
[Annotator "TA"]
[PlyCount "115"]
[EventDate "2022.08.10"]
[EventType "tourn"]
[EventCountry "USA"]
[SourceTitle "playchess.com"]
[Source "ChessBase"]
[SourceQuality "1"]
[TimeControl "900+10"]

1. d4 Nf6 2. c4 e6 3. Nc3 Bb4 4. e3 c5 5. Bd3 O-O 6. Nf3 d5 7. cxd5 exd5 {[%emt 0:00:35] E53: Nimzo-Indian: Rubinstein: Main Line (4...0-0 5 Nf3 d5 6 Bd3 c5 7 0-0).} 8. dxc5 Nbd7 9. Bd2 ({Much worse is} 9. Qb3 Qa5 $15) 9... Nxc5 {[%emt 0:00:05] The position is equal.} 10. Be2 Ne6 11. a3 {[%emt 0:01:12] 11.Qb3 is the modern continuation.} Be7 12. O-O a6 {[%emt 0:00:05] [#]} 13. h3 $1 $146 {[%emt 0:01:51][%mdl 8] A top novelty.} ({Predecessor:} 13. Rc1 Re8 14. Re1 b5 15. Na2 Ne4 16. Bc3 Nxc3 17. Nxc3 Bb7 18. Qd2 Bf6 19. Nd4 Nxd4 20. exd4 {½-½ (42) Navara,D (2742)-Wojtaszek,R (2736) Baku 2016}) 13... b6 14. Bd3 Bb7 15. Ne2 Ne4 16. Nfd4 N6c5 17. Bc2 Bf6 18. Rc1 g6 19. Be1 Re8 20. b4 Nd7 21. Bxe4 dxe4 22. Nc6 Bxc6 23. Rxc6 Ne5 (23... Rc8 $11 {keeps the balance.} 24. Rd6 Re7) 24. Rd6 $16 Qe7 25. Rxb6 Nc4 (25... Bg7 $1 $14) 26. Rc6 Ne5 27. Rc2 Rad8 {[%emt 0:00:15] [#]} 28. Qb1 Nf3+ 29. Kh1 (29. gxf3 $18 exf3 30. Nf4) 29... Qd7 30. Bc3 Bxc3 31. Nxc3 ({Wrong is} 31. Rxc3 $2 Nd2 32. Qc1 Nxf1 $19) 31... Qf5 32. Rd1 {[%emt 0:00:32] Inhibits Nd2.} Ne5 33. Rcd2 Rxd2 34. Rxd2 Nc4 {[%emt 0:00:01] [#]} (34... Nd3 $16) 35. Ra2 $1 $18 Qe6 36. Ne2 Ne5 37. Nd4 Qd5 38. Rc2 Nd3 39. Kg1 Re5 $2 (39... Qb7 40. Rc6 Ra8) 40. Qb3 (40. Rc8+ $142 Kg7 41. Qa1) 40... Qd6 $2 (40... Qxb3 {is more resistant.} 41. Nxb3 Re6) 41. Rc6 Qd8 42. Qc2 {[%emt 0:01:05] aiming for Rc8.} Qg5 43. Rxa6 Kg7 {[%emt 0:00:08] Threatens to win with ...Ne1.} 44. Qe2 {[%emt 0:00:14] Prevents Ne1.} h5 45. Rc6 Re7 46. b5 Ra7 47. Rc3 Qf6 48. f3 Ne5 49. fxe4 Qh4 50. Nc6 Nxc6 51. bxc6 {[%emt 0:00:07][%mdl 4096] Endgame And now c7 would win. KQR-KQR} Rc7 52. Rc4 Qf6 53. Qc2 Kh7 (53... Qa1+ $142 54. Kf2 Qxa3) 54. Qc3 Qd6 55. e5 Qd1+ 56. Kh2 {[%emt 0:00:01] Rd4 is the strong threat.} Kh6 57. a4 g5 58. Qd4 {[%emt 0:00:07] Weighted Error Value: White=0.21 (precise) /Black=0.35} (58. Qa3 $142 Kh7 59. Qd6 Qf1 60. Qxc7 Qxc4 61. Qd7 Kg6 62. c7 Qc3 63. c8=Q Qxe5+ 64. g3 Qb2+ 65. Kg1 Qa1+ 66. Kg2 Qa2+ 67. Kf3) 1-0

[Event "FTX Crypto Cup MCCT 2022"]
[Site "Miami"]
[Date "2022.08.11"]
[Round "4.3"]
[White "Giri, Anish"]
[Black "Niemann, Hans Moke"]
[Result "0-1"]
[ECO "E17"]
[WhiteElo "2760"]
[BlackElo "2688"]
[Annotator "TA"]
[PlyCount "122"]
[EventDate "2022.08.10"]
[EventType "tourn"]
[EventCountry "USA"]
[SourceTitle "playchess.com"]
[Source "ChessBase"]
[SourceQuality "1"]
[TimeControl "900+10"]

1. d4 Nf6 2. c4 e6 3. Nf3 b6 4. g3 Bb7 5. Bg2 Be7 6. O-O O-O 7. Re1 Na6 8. a3 {[%emt 0:00:16] E17: Queen's Indian: 4 g3 Bb7 5 Bg2 Be7.} Qc8 $5 {[%emt 0:00:20][%mdl 4] A promising side line.} 9. Nc3 Ne4 10. Bd2 {[%emt 0:02:02] White has an edge.} d6 11. Qc2 f5 12. Rad1 Bf6 {[%emt 0:00:13] [#]} 13. d5 $146 ({Predecessor:} 13. b4 c5 14. dxc5 bxc5 15. b5 Nc7 16. a4 e5 17. a5 Nxc3 18. Bxc3 Be4 19. Qb3 {½-½ (42) Ferre Perez,A (2146)-Vera Ruiz,H (2195) ICCF email 2014}) 13... Nxd2 14. Nxd2 e5 15. Bh3 g6 16. e4 Qd8 17. exf5 Bc8 18. g4 (18. b4 $16) 18... gxf5 $14 19. gxf5 Kh8 20. Kh1 Bg5 $1 21. Nf3 Bh6 22. Ne2 (22. Rg1 $5 ) 22... Qf6 23. Ng3 $36 {[%emt 0:00:02][%mdl 2048] White has good play.} Bf4 24. b4 {[%emt 0:00:04][%cal Bb2b4,Bb4b5][%mdl 32] Threatens to win with Nh5.} Qh6 {[%emt 0:00:09] Prevents Nh5.} 25. Ng1 Bd7 26. Rd3 Rg8 (26... Bxf5 $5 27. Bxf5 (27. Nxf5 Rxf5 28. Rf3 Rf6 $11) 27... Rxf5 $11) 27. Re4 (27. Qc3 $5 ) 27... c5 28. Rf3 {[%emt 0:00:52][%cal Oe4f4] And now Rexf4! would win.} Bg5 (28... Raf8 $11) 29. b5 $18 Nc7 {[%emt 0:00:02] [#]} 30. Rg4 $2 (30. f6 $1 $18 Bxh3 31. f7) 30... Ne8 {[%emt 0:00:21] aiming for ...Nf6.} 31. Ne4 {[%emt 0:00:03] Rfg3 is the strong threat.} Nf6 32. Nxf6 Bxf6 33. Rxg8+ Rxg8 34. Rg3 Ra8 35. Bg2 Bh4 36. Rg4 Qh5 37. Qe2 {[%emt 0:00:05][%cal Og4g8] Hoping for Rg8+!} Qh6 38. Be4 Bf6 39. Qf3 Be8 40. Qg2 Bf7 {[%emt 0:00:27] Inhibits Rg8+.} 41. Rg3 Qc1 42. Bd3 Qxa3 43. Qh3 {[%emt 0:00:00] White wants to mate with Qh6.} Qc1 {[%emt 0:00:07] Inhibits Qh6.} 44. Rg6 Rg8 45. Rxg8+ Kxg8 46. Qe3 Qxe3 47. fxe3 $11 {[%emt 0:00:01][%mdl 4096] Endgame KBB-KBN} e4 48. Bxe4 Bg5 49. Nf3 Bxe3 50. Kg2 h6 51. f6 (51. Kg3 $11) 51... Bh5 $17 52. Nh4 $2 {[%emt 0:00:15] [#]} (52. Kg3 $17) 52... Be2 $1 $19 53. Nf5 Bf4 54. Ne7+ $2 (54. h4 {was necessary.}) 54... Kf7 {[%emt 0:00:04] Black is clearly winning.} 55. Nc8 Kxf6 56. Nxa7 Bxc4 57. Nc8 Bxb5 {[%emt 0:00:08] A strong pair of Bishops.} 58. Nxb6 c4 59. Nc8 Ke5 60. Kf3 Ba4 {[%emt 0:00:29] White must now prevent ...Bd1+.} 61. Nxd6 Bd1+ {[%emt 0:00:02] Quite a comeback for Black.  Weighted Error Value: White=0.49/Black=0.14 (very precise)} ({Not} 61... Kxd6 62. Kxf4 Be8 63. Ke3 $11) 0-1